 Dungeon Crawl Stone Soup version 0.27.0-1-g7a089689b8 (webtiles) character file.

Game seed: 9609164923738620274

116 ZombieSheep the Skirmisher (level 5, -2/47 HPs)
             Began as a Gnoll Wanderer on Aug 6, 2021.
             Was an Initiate of Ashenzari.
             Slain by a goblin (3 damage)
             ... led by Robin
             ... on level 2 of the Dungeon.
             The game lasted 00:03:54 (2479 turns).

ZombieSheep the Skirmisher (Gnoll Wanderer)         Turns: 2479, Time: 00:03:56

Health: -2/47      AC:  3    Str: 12    XL:     5   Next: 0%
Magic:  12/12      EV: 11    Int: 10    God:    Ashenzari [......]
Gold:   65         SH:  0    Dex: 13    Spells: 14/14 levels left

rFire    . . .     SeeInvis .   a - +2 falchion
rCold    . . .     Faith    .   (no shield)
rNeg     . . .     Spirit   .   f - +0 leather armour
rPois    .         Reflect  .   (no helmet)
rElec    .         Harm     .   (no cloak)
rCorr    .         Rampage  .   (no gloves)
Will     .....                  (no boots)
Stlth    ++........             (no amulet)
HPRegen  0.15/turn              (no ring)
MPRegen  0.13/turn              (no ring)

@: no status effects
A: fangs 1, strong nose, distributed training
a: Renounce Religion, Curse Item


You were on level 2 of the Dungeon.
You worshipped Ashenzari.
Ashenzari was noncommittal.
You visited 1 branch of the dungeon, and saw 2 of its levels.

You collected 65 gold pieces.

Inventory:

Hand Weapons
 a - a +2 falchion (weapon)
Armour
 d - a +0 robe
 f - a +0 leather armour (worn)
 j - a +3 chain mail of fire resistance
Scrolls
 b - a scroll of fear
 e - 2 scrolls of brand weapon
 i - 2 scrolls of teleportation
 l - 2 scrolls of enchant weapon
Potions
 g - a potion of curing
 h - a potion of attraction
 k - 2 potions of haste
 m - a potion of resistance
Miscellaneous
 c - a piece from Xom's chessboard (15/15) (quivered)


   Skills:
 + Level 6.6 Fighting
 + Level 1.3 Short Blades
 + Level 2.8 Long Blades
 + Level 1.3 Axes
 + Level 1.3 Maces & Flails
 + Level 1.3 Polearms
 + Level 1.3 Staves
 + Level 1.3 Slings
 + Level 1.3 Bows
 + Level 1.3 Crossbows
 + Level 1.3 Throwing
 + Level 1.3 Armour
 + Level 1.3 Dodging
 + Level 2.6 Stealth
 + Level 2.8 Shields
 + Level 1.3 Unarmed Combat
 + Level 5.1 Spellcasting
 + Level 1.0 Conjurations
 + Level 1.0 Hexes
 + Level 2.3 Summonings
 + Level 1.0 Necromancy
 + Level 1.0 Translocations
 + Level 1.0 Transmutations
 + Level 1.0 Fire Magic
 + Level 1.0 Ice Magic
 + Level 1.0 Air Magic
 + Level 1.0 Earth Magic
 + Level 1.0 Poison Magic
 + Level 1.4 Invocations
 + Level 2.8 Evocations


You had 14 spell levels left.
You didn't know any spells.
Your spell library was empty.

Dungeon Overview and Level Annotations

Branches:
Dungeon (2/15)

Altars:
Ashenzari

Shops:
D:1 (


Innate Abilities, Weirdness & Mutations

You have very sharp teeth.
Your uncanny sense of smell can sniff out nearby items.
Your experience applies equally to all skills.


Message History

The goblin hits you with a +0 club.
* * * LOW HITPOINT WARNING * * *
You hit the goblin.
You kill the goblin!
You slash the goblin!
You kill the goblin!
You hit the goblin.
You kill the goblin!
m - a potion of resistance
Items here: )))) [[ †. 2 hobgoblins come into view.
The hobgoblin shouts!
A goblin comes into view. It is wielding a +0 club. x2
Unknown command.
You hit the hobgoblin.
The hobgoblin is almost dead.
A hobgoblin comes into view.
You closely miss the hobgoblin. The hobgoblin closely misses you.
The hobgoblin barely misses you. The hobgoblin misses you.
You hit the hobgoblin but do no damage.
The hobgoblin hits you but does no damage.
The hobgoblin barely misses you.
You barely miss the hobgoblin.
The hobgoblin hits you but does no damage.
The hobgoblin barely misses you.
You riposte.
You hit the hobgoblin.
You kill the hobgoblin!
You have reached level 5!
You hit the hobgoblin. You bite the hobgoblin.
The hobgoblin is severely wounded.
The hobgoblin hits you.
* * * LOW HITPOINT WARNING * * *
The goblin hits you but does no damage. The hobgoblin hits you.
* * * LOW HITPOINT WARNING * * *
You hit the hobgoblin.
You kill the hobgoblin!
The goblin barely misses you.
You riposte.
You closely miss the goblin. You bite the goblin.
The goblin is moderately wounded.
The goblin hits you with a +0 club.
You die...

#.# #.# #?####
#..... ##..###
##### ##...##
...# ##...(.#
###.######.....##
#@g..)†))......#
#g#.######....##
#g#.# ####.#
..... ##'##
.....#. ##...##
#....##g#
##.....## #.....
# #.......#
...... #.........
+.........


You could see a hobgoblin and 2 goblins.

Vanquished Creatures
  Terence (D:2)
  Robin (D:2)
  3 adders (D:2)
  A worm (D:2)
  4 bats
  6 endoplasms
  2 giant cockroaches (D:1)
  7 goblins
  7 hobgoblins
  6 jackals
  2 quokkas
  A ball python (D:1)
  2 frilled lizards (D:1)
  A kobold (D:2)
  4 rats
48 creatures vanquished.

Notes
Turn   | Place    | Note
-------+----------+-------------------------------------------
     0 | D:1      | ZombieSheep the Gnoll Wanderer began the quest for the Orb.
     0 | D:1      | ZombieSheep set off with the following items: a +2
                  | falchion, a potion of lignification, a piece from Xom's
                  | chessboard (15/15), a +0 robe
     0 | D:1      | Reached XP level 1. HP: 23/23 MP: 6/6
   135 | D:1      | Reached XP level 2. HP: 27/29 MP: 7/7
   427 | D:1      | Found Mexuoq's Weapon Shop.
   944 | D:1      | Found a faded altar of an unknown god.
   951 | D:1      | Became a worshipper of Ashenzari the Shackled
  1179 | D:2      | Reached XP level 3. HP: 21/35 MP: 9/9
  1310 | D:2      | Reached skill level 5 in Spellcasting
  1602 | D:2      | Reached skill level 1 in Invocations
  1735 | D:2      | Reached skill level 1 in Short Blades
  1735 | D:2      | Reached skill level 1 in Axes
  1735 | D:2      | Reached skill level 1 in Maces & Flails
  1735 | D:2      | Reached skill level 1 in Polearms
  1735 | D:2      | Reached skill level 1 in Staves
  1735 | D:2      | Reached skill level 1 in Slings
  1735 | D:2      | Reached skill level 1 in Bows
  1735 | D:2      | Reached skill level 1 in Crossbows
  1735 | D:2      | Reached skill level 1 in Throwing
  1735 | D:2      | Reached skill level 1 in Armour
  1735 | D:2      | Reached skill level 1 in Dodging
  1735 | D:2      | Reached skill level 1 in Unarmed Combat
  1827 | D:2      | Noticed Terence
  1862 | D:2      | Killed Terence
  1863 | D:2      | Reached XP level 4. HP: 10/41 MP: 11/11
  2444 | D:2      | Noticed Robin
  2448 | D:2      | Reached skill level 1 in Conjurations
  2448 | D:2      | Reached skill level 1 in Hexes
  2448 | D:2      | Reached skill level 1 in Necromancy
  2448 | D:2      | Reached skill level 1 in Translocations
  2448 | D:2      | Reached skill level 1 in Transmutations
  2448 | D:2      | Reached skill level 1 in Fire Magic
  2448 | D:2      | Reached skill level 1 in Ice Magic
  2448 | D:2      | Reached skill level 1 in Air Magic
  2448 | D:2      | Reached skill level 1 in Earth Magic
  2448 | D:2      | Reached skill level 1 in Poison Magic
  2462 | D:2      | Killed Robin
  2464 | D:2      | HP: 1/41 [goblin[Robin] (2)]
  2478 | D:2      | Reached XP level 5. HP: 4/47 MP: 12/12
  2478 | D:2      | HP: 1/47 [hobgoblin[Robin] (2)]
  2479 | D:2      | Slain by a goblin

Illustrated notes

Levels and vault maps discovered:
D:1:      amcnicky_arrival_blooded_trapdoor, layout_basic, serial_shops,
          nicolae_square_shop, dreamdust_ecumenical_altar_hidden_monk_grotto
D:2:      layout_loops_corners, uniq_robin, uniq_terence

Skill      XL: |  1  2  3  4 |
---------------+-------------+-----
Summonings     | 2 |  2.3
Spellcasting   | 5 |  5.1
Invocations    | 1 |  1.4
Short Blades   | 1 |  1.3
Axes           | 1 |  1.3
Maces & Flails | 1 |  1.3
Polearms       | 1 |  1.3
Staves         | 1 |  1.3
Slings         | 1 |  1.3
Bows           | 1 |  1.3
Crossbows      | 1 |  1.3
Throwing       | 1 |  1.3
Armour         | 1 |  1.3
Dodging        | 1 |  1.3
Unarmed Combat | 1 |  1.3
Conjurations   | 1 |  1.0
Hexes          | 1 |  1.0
Necromancy     | 1 |  1.0
Translocations | 1 |  1.0
Transmutations | 1 |  1.0
Fire Magic     | 1 |  1.0
Ice Magic      | 1 |  1.0
Air Magic      | 1 |  1.0
Earth Magic    | 1 |  1.0
Poison Magic   | 1 |  1.0
Fighting       | |  6.6
Long Blades    | |  2.8
Stealth        | |  2.6
Shields        | |  2.8
Evocations     | |  2.8

Action                   |  1- 3 |  4- 6 || total
-------------------------+-------+-------++-------
Melee: Falchion          |   112 |    38 ||   150
       Bite              |     5 |     6 ||    11
  Use: Potion            |     1 |       ||     1
 Stab: Sleeping          |     5 |     2 ||     7
Armor: Leather armour    |    21 |    14 ||    35
       Skin              |    13 |       ||    13
Dodge: Dodged            |    48 |    25 ||    73
       Rpst.: Falchion   |    17 |    10 ||    27
